Map: Eternal Empire LE

Players

AGOElazer (Elazer) - Winner!

  • Race: Zerg Zerg
  • League: Master
  • Spawn Location: 7:00

uwuThermal (uThermal)

  • Race: Terran Terran
  • League: Grandmaster
  • Spawn Location: 1:00

Event: DreamHack SC2 Masters 2020 Fall

VOD

Have the link to the VOD?

Description

Time

  • Played on: Aug. 27, 2020, 1:46 p.m.
  • Length: 13:08

All games in this series

Show
View Real Time Build Order
Export as new Build Order

AGOElazer Zerg - Winner!

Build Orders: Hatch First, Muta Ling Bane 

Get SALT Encoding   

  12  0:00  Drone  
  13  0:11  Overlord  
  13  0:16  Drone  
  14  0:30  Drone x2  
  16  0:47  Hatchery  
  15  0:51  Drone  
  15  0:54  Drone  
  17  0:57  Drone  
  18  1:08  Extractor  
  17  1:13  Spawning Pool  
  17  1:16  Drone  
  17  1:20  Drone  
  18  1:28  Drone  
  19  1:38  Drone  
  20  1:50  Drone  
  21  1:59  Queen x2  
  21  2:00  Zergling x2, Overlord  
  26  2:10  Zergling x2, Drone  
  26  2:11  Metabolic Boost  
  28  2:21  Drone x2  
  30  2:32  Drone x2  
  30  2:35  Queen  
  34  2:39  Queen  
  34  2:43  Overlord  
  36  2:53  Overlord  
  36  3:03  Drone x2  
  36  3:05  Drone x2  
  40  3:08  Drone x4  
  40  3:12  Drone x2  
  46  3:17  Drone  
  46  3:18  Drone  
  48  3:30  Hatchery  
  47  3:37  Extractor  
  47  3:38  Lair  
  47  3:41  Drone x4  
  50  3:43  Overlord  
  50  3:45  Drone  
  50  3:48  Extractor x2  
  49  3:50  Drone x2  
  51  3:55  Baneling Nest  
  51  3:56  Drone  
  51  3:58  Drone  
  52  4:05  Drone x3  
  52  4:08  Overlord  
  55  4:15  Overlord  
  55  4:21  Overlord  
  55  4:27  Drone x5  
  60  4:34  Overlord  
  60  4:38  Drone  
  61  4:39  Spire  
  61  4:42  Queen  
  61  4:45  Zergling x6  
  65  4:50  Zergling x6  
  68  4:57  Zergling x4  
  68  4:59  Drone x3  
  73  5:02  Overlord  
  73  5:04  Drone  
  74  5:07  Spore Crawler  
  74  5:08  Evolution Chamber  
  74  5:10  Drone  
  73  5:15  Overlord  
  73  5:18  Drone x4  
  76  5:22  Drone x4  
  78  5:29  Zergling x8  
  75  5:37  Overlord  
  75  5:38  Drone  
  74  5:50  Mutalisk x7  
  74  5:53  Mutalisk  
  84  5:58  Drone x3  
  86  6:08  Overlord, Drone x4  
  86  6:09  Drone  
  86  6:11  Extractor x2  
  88  6:19  Drone x4  
  88  6:22  Zerg Flyer Weapons Level 1  
  88  6:23  Evolution Chamber  
  91  6:25  Zerg Ground Armor Level 1  
  91  6:27  Centrifical Hooks  
  91  6:28  Drone  
  91  6:30  Drone  
  93  6:33  Drone x2  
  93  6:35  Drone  
  96  6:42  Overlord  
  96  6:43  Drone x4  
  100  6:55  Drone x5  
  100  6:56  Hatchery  
  100  6:59  Overlord  
  104  7:02  Zerg Melee Weapons Level 1  
  104  7:03  Zergling x8  
  104  7:06  Baneling x3  
  108  7:10  Pneumatized Carapace  
  108  7:11  Overseer  
  108  7:13  Mutalisk x3  
  114  7:17  Mutalisk  
  114  7:18  Mutalisk  
  114  7:22  Mutalisk  
  118  7:23  Zergling x8  
  124  7:32  Zergling x4  
  126  7:39  Hatchery  
  126  7:42  Zergling x2  
  126  7:43  Zergling x16  
  134  7:47  Overlord  
  134  7:52  Overlord  
  134  7:53  Mutalisk  
  136  7:59  Baneling x9  
  136  8:01  Zergling x4  
  136  8:05  Overlord  
  138  8:06  Drone x5  
  138  8:08  Drone x3  
  144  8:14  Unknown  
  144  8:15  Drone x2  
  144  8:17  Drone x5  
  150  8:20  Overlord  
  150  8:21  Drone x2  
  147  8:27  Drone  
  147  8:28  Zerg Flyer Weapons Level 2  
  148  8:38  Zergling x12  
  148  8:40  Baneling x10  
  155  8:41  Zergling x4  
  155  8:47  Mutalisk x4  
  155  8:48  Hatchery  
  163  8:59  Mutalisk x5  
  163  9:02  Zergling x14  
  174  9:05  Zerg Melee Weapons Level 2  
  174  9:10  Drone x6  
  180  9:21  Zerg Ground Armor Level 2  
  180  9:22  Zergling x2  
  180  9:23  Zergling x2  
  182  9:28  Baneling x12  
  182  9:29  Overlord  
  182  9:30  Overlord x2  
  183  9:32  Baneling x3  
  182  9:48  Zergling x32  
  189  10:07  Zergling x2  
  189  10:08  Hatchery  
  189  10:09  Zergling x2  
  189  10:11  Overlord x2  
  187  10:18  Zergling x20  
  189  10:29  Hatchery  
  189  10:35  Overlord  
  188  10:36  Zergling x12  
  188  10:41  Zergling x2  
  188  10:42  Zergling x14  
  175  10:45  Baneling x2  
  170  10:50  Baneling x6  
  170  10:51  Baneling x12  
  170  10:53  Zergling x12  
  170  10:54  Zergling x8  
  170  10:57  Baneling x12  
  179  10:59  Zergling x2  
  179  11:00  Baneling x5  
  179  11:01  Baneling x9  
  179  11:02  Queen x3  
  186  11:05  Overlord x2  
  185  11:17  Baneling x20  
  176  11:24  Zergling x2  
  176  11:25  Zergling x10  
  167  11:30  Zergling x2  
  167  11:31  Zergling x18  
  167  11:40  Mutalisk x3  
  167  11:44  Hatchery  
  166  11:48  Overseer x2  
  166  11:53  Zergling x10  
  171  11:59  Zergling x4  
  160  12:02  Overseer, Baneling x12  
  160  12:05  Zergling x6  
  155  12:12  Zergling x2  
  155  12:19  Mutalisk x7  
  169  12:28  Zergling x4  
  170  12:31  Zergling x4, Overseer  
  170  12:35  Zergling x2  
  173  12:41  Zergling x2  
  173  12:42  Zergling x14  
Show
View Real Time Build Order
Export as new Build Order

uwuThermal Terran 

Build Orders: Liberator Opening, Reaper Expand 

Get SALT Encoding   

  12  0:00  SCV  
  13  0:12  SCV  
  14  0:17  Supply Depot  
  14  0:24  SCV  
  15  0:38  SCV  
  15  0:40  Barracks  
  16  0:43  Refinery  
  16  0:50  SCV  
  17  1:03  SCV  
  18  1:15  SCV  
  19  1:27  Reaper, Orbital Command  
  20  1:40  Command Center  
  20  1:53  SCV, Supply Depot  
  21  1:59  Marine  
  22  2:05  SCV  
  23  2:09  Factory  
  23  2:18  SCV  
  23  2:20  Barracks Reactor  
  24  2:30  SCV  
  25  2:41  Command Center  
  25  2:44  SCV  
  26  2:53  Orbital Command  
  26  2:56  SCV  
  27  3:01  Starport  
  27  3:07  Refinery  
  27  3:08  SCV  
  28  3:13  Hellion  
  28  3:17  Hellion  
  28  3:19  SCV  
  33  3:22  SCV  
  34  3:31  SCV  
  34  3:34  SCV  
  36  3:35  Hellion  
  36  3:39  Hellion  
  36  3:41  Viking  
  41  3:44  SCV  
  41  3:46  SCV  
  43  3:53  Orbital Command  
  43  3:56  SCV  
  43  3:57  Hellion  
  43  3:58  SCV  
  43  4:00  Hellion  
  49  4:08  SCV, Supply Depot  
  50  4:10  Liberator  
  50  4:12  Barracks Tech Lab  
  50  4:15  SCV  
  54  4:21  Hellion  
  54  4:22  Hellion  
  54  4:23  SCV x2  
  60  4:30  Supply Depot  
  60  4:32  Marine  
  60  4:33  Stimpack  
  60  4:34  SCV  
  60  4:35  SCV  
  63  4:42  Hellion  
  63  4:43  Hellion  
  67  4:47  SCV  
  67  4:50  SCV  
  67  4:52  Barracks  
  69  4:54  Barracks  
  69  4:55  Starport Reactor, Supply Depot  
  69  4:56  Orbital Command, Marine  
  70  5:05  Engineering Bay  
  70  5:06  Engineering Bay  
  71  5:07  SCV x2, Refinery  
  71  5:13  Marine  
  73  5:19  SCV, Factory Tech Lab  
  73  5:20  SCV  
  75  5:21  Barracks  
  75  5:22  SCV, Barracks  
  76  5:31  SCV, Marine  
  76  5:32  SCV  
  76  5:35  SCV  
  76  5:39  Terran Infantry Weapons Level 1, Refinery, Terran Infantry Armor Level 1  
  75  5:43  SCV  
  75  5:45  SCV  
  75  5:47  Starport Reactor  
  75  5:48  Marine  
  75  5:49  SCV, Marine  
  76  5:51  Marine  
  76  5:55  SCV  
  65  5:57  SCV, Marine  
  65  6:00  Marine  
  65  6:01  Siege Tank  
  65  6:02  SCV  
  65  6:06  Marine  
  65  6:07  SCV  
  65  6:10  SCV  
  69  6:11  Barracks Reactor x2  
  69  6:14  SCV, Missile Turret  
  69  6:15  Marine x2  
  69  6:16  Missile Turret  
  71  6:18  Missile Turret  
  71  6:19  SCV, Marine x2  
  71  6:22  SCV  
  75  6:25  Marine  
  75  6:26  Supply Depot  
  75  6:28  SCV  
  75  6:30  Medivac  
  75  6:31  SCV, Medivac  
  75  6:32  Marine  
  82  6:36  Supply Depot  
  82  6:37  Marine x2  
  82  6:38  SCV  
  85  6:41  SCV, Supply Depot  
  85  6:44  Factory Reactor  
  85  6:48  Missile Turret  
  85  6:51  Marine x3  
  85  6:52  SCV x2  
  85  6:53  Marine  
  89  6:58  Marine x2  
  89  6:59  SCV  
  89  7:00  Medivac  
  93  7:01  Supply Depot, Marine  
  93  7:02  Supply Depot  
  93  7:03  Medivac, Marine  
  93  7:04  SCV  
  93  7:05  Combat Shield  
  93  7:07  SCV  
  98  7:08  Refinery  
  98  7:11  SCV  
  98  7:12  Missile Turret, Marine x2  
  101  7:22  Marine  
  101  7:23  SCV x3, Supply Depot, Widow Mine x2  
  101  7:24  Marine  
  101  7:25  Armory, Marine  
  101  7:28  Marine x3  
  114  7:30  Medivac  
  114  7:31  Marine  
  117  7:40  Missile Turret  
  117  7:44  Marine x4  
  117  7:45  Widow Mine x2  
  125  7:52  Barracks  
  125  7:54  Marine x3  
  125  7:55  Medivac, Barracks  
  125  7:57  Marine  
  131  7:59  Barracks  
  133  8:06  Marine  
  133  8:12  Supply Depot x2  
  133  8:13  Supply Depot  
  133  8:14  Terran Infantry Armor Level 2, Marine x3, Terran Infantry Weapons Level 2  
  133  8:15  Widow Mine x2  
  133  8:19  Marine  
  139  8:24  Missile Turret, Terran Vehicle And Ship Armor Level 1, Marine  
  132  8:27  SCV  
  132  8:28  Marine x2  
  132  8:30  SCV, Marine  
  132  8:34  SCV, Marine x2  
  138  8:40  Concussive Shells, Widow Mine x2  
  144  8:41  Marine  
  144  8:43  Marine  
  144  8:46  Marine  
  144  8:47  Marauder  
  147  8:57  Marauder, Marine x2  
  147  9:00  Marine  
  147  9:01  Medivac  
  147  9:02  Widow Mine  
  156  9:04  Marine  
  156  9:06  Marine  
  156  9:07  Widow Mine  
  156  9:08  Marauder, Marine  
  156  9:09  Supply Depot  
  163  9:10  Marine x2  
  165  9:20  Supply Depot  
  165  9:30  Medivac, Marine x3  
  170  9:40  Medivac, Marine  
  170  9:42  Marine  
  170  9:44  Supply Depot, Marine  
  170  9:45  Marauder  
  177  9:46  Supply Depot, Command Center  
  177  9:47  Marine  
  177  9:48  Widow Mine  
  177  9:52  Marine  
  181  9:58  Marine  
  175  10:10  Marine  
  175  10:11  Supply Depot, Marine  
  175  10:14  Medivac  
  173  10:15  Marine x2  
  173  10:16  Medivac, Marine x2  
  173  10:17  Marine  
  173  10:18  Marine  
  173  10:19  Marine  
  173  10:22  Marine  
  173  10:24  Marine  
  173  10:25  Marine  
  173  10:29  Marine x2  
  173  10:32  Widow Mine  
  173  10:33  Marine x2  
  173  10:34  Marine x2, Widow Mine  
  173  10:35  Supply Depot  
  177  10:41  Marine  
  177  10:42  Marine  
  165  10:44  Medivac  
  165  10:45  Marine  
  165  10:46  Medivac  
  165  10:47  Marine x5  
  156  10:53  Widow Mine  
  157  10:59  Marine  
  158  11:12  Marine  
  158  11:13  Marauder  
  158  11:14  Medivac  
  158  11:16  Medivac  
  158  11:18  Marine, Widow Mine  
  125  11:26  Marine  
  125  11:27  Marine  
  125  11:30  Marine  
  125  11:31  Widow Mine  
  125  11:32  Marine x2  
  124  11:33  Marauder  
  124  11:39  Marine x2  
  131  11:40  Widow Mine  
  131  11:44  Medivac  
  131  11:45  Marauder  
  131  11:46  Medivac, Marine  
  138  11:48  Marine  
  120  12:01  Marine  
  120  12:05  Marine  
  120  12:06  Widow Mine, Marine  
  120  12:08  Orbital Command  
  125  12:10  Marine  
  125  12:11  Marine  
  125  12:13  Liberator  
  128  12:17  Marine  
  127  12:31  Marine x2  
  127  12:32  Marauder  
  127  12:36  Marine  
  132  12:42  Marine  
  124  12:45  Marine x2  

Tags
 
Add a new tag
Caveats
  • Supply blocks, unpowered buildings, or Contaminate may cause inaccurate times.
  • Supply counts are checked every 10 seconds.